 Dungeon Crawl Stone Soup version 0.30-a0-371-gad7725a93e (webtiles) character file.

Game seed: 13371514650522871589

35 IdlyInterested the Shield-Bearer (level 3, -4/28 HPs)
             Began as a Demonspawn Wanderer on Nov 21, 2022.
             Slain by an iguana (8 damage)
             ... on level 2 of the Dungeon.
             The game lasted 00:03:33 (1192 turns).

IdlyInterested the Shield-Bearer (DsWn)             Turns: 1192, Time: 00:03:34

Health: -4/28      AC:  5    Str: 15    XL:     3   Next: 16%
Magic:  3/3        EV: 10    Int: 13    God:
Gold:   58         SH:  6    Dex: 11    Spells: 2/2 levels left

rFire   . . .      SeeInvis .    a - +0 club
rCold   . . .      Faith    .    f - +2 buckler
rNeg    . . .      Spirit   .    h - +0 ring mail
rPois   .          Reflect  .    (no helmet)
rElec   .          Harm     .    (no cloak)
rCorr   .          Rampage  .    (no gloves)
Will    .....                    (no boots)
Stlth   +.........               (no amulet)
HPRegen 0.24/turn                (no ring)
MPRegen 0.08/turn                (no ring)

@: invisible
A: ignite blood 1
a: no special abilities


You were on level 2 of the Dungeon.
You visited 1 branch of the dungeon, and saw 2 of its levels.

You collected 58 gold pieces.

Inventory:

Hand Weapons
 a - a +0 club (weapon)
 b - a +0 short sword
Missiles
 i - 8 stones (quivered)
Armour
 e - a +0 robe
 f - a +2 buckler (worn)
 g - a +0 leather armour
 h - a +0 ring mail (worn)
 n - a +0 kite shield
Wands
 c - a wand of flame (4)
Scrolls
 j - a scroll of poison {unknown}
 l - a scroll of silence {unknown}
 m - a scroll of fear {unknown}


   Skills:
 * Level 2.8 Fighting
 * Level 0.4 Throwing
 - Level 1.0 Armour
 - Level 1.0 Dodging
 - Level 1.0 Stealth
 - Level 4.0 Shields
 - Level 2.0 Evocations


You had 2 spell levels left.
You didn't know any spells.
Your spell library contained the following spells:

 Spells                   Type           Power      Damage    Failure   Level
 Gell's Gravitas          Tloc           0%         N/A       94%         3
 Teleport Other           Tloc           0%         N/A       94%         3
 Dispersal                Tloc           0%         N/A       100%        6


Dungeon Overview and Level Annotations

Branches:
Dungeon (2/15)

Altars:


Innate Abilities, Weirdness & Mutations

Your demonic aura sometimes causes spilled blood to erupt in flames.


Message History

You hit the iguana.
The iguana is lightly wounded.
You block the iguana's attack.
You barely miss the iguana.
The iguana is lightly wounded.
You block the iguana's attack.
You completely miss the iguana.
The iguana is lightly wounded.
The iguana misses you. The iguana barely misses you.
You barely miss the iguana.
The iguana is lightly wounded.
The iguana closely misses you.
You hit the iguana but do no damage.
The iguana is lightly wounded.
The iguana closely misses you.
You hit the iguana but do no damage.
The iguana is lightly wounded.
The iguana bites you! The iguana bites you.
You hit the iguana but do no damage.
The iguana is lightly wounded.
You block the iguana's attack.
You barely miss the iguana.
The iguana is lightly wounded.
The iguana bites you.
You hit the iguana but do no damage.
The iguana is lightly wounded.
The iguana bites you.
* * * LOW HITPOINT WARNING * * *
You block the iguana's attack.
You feel better. The iguana bites you!
* * * LOW HITPOINT WARNING * * *
It was a potion of magic.
Magic courses through your body. You block the iguana's attack.
It was a potion of invisibility.
You fade into invisibility!
The iguana barely misses you.
You hit the iguana but do no damage.
The iguana is lightly wounded.
The iguana bites you!
You die...

#......#.....$#...
#.............#...
#................
.......# #......#
#......# #.<....#
#....#.# #...@#
#...l# ####.# #.#
... [..# ##..
.S#..


You could see an iguana (unable to see you) and a ball python (unable to see
you).

Vanquished Creatures
  An adder (D:2)
  4 ball pythons (D:1)
  An endoplasm (D:1)
  A giant cockroach (D:1)
  2 goblins (D:1)
  6 jackals (D:1)
  A kobold (D:1)
  A quokka (D:1)
  A bat (D:1)
  A frilled lizard (D:1)
  3 rats
22 creatures vanquished.

Notes
Turn   | Place    | Note
-------+----------+-------------------------------------------
     0 | D:1      | IdlyInterested the Demonspawn Wanderer began the quest for
                  | the Orb.
     0 | D:1      | IdlyInterested set off with the following items: a +0 club,
                  | a potion of curing, a wand of flame (4), a potion of
                  | berserk rage, a +0 robe, a +2 buckler.
     0 | D:1      | Reached XP level 1. HP: 16/16 MP: 1/1
   254 | D:1      | Reached skill level 4 in Shields
   257 | D:1      | Gained mutation: Your demonic aura sometimes causes spilled
                  | blood to erupt in flames. [demonic ancestry]
   257 | D:1      | Reached XP level 2. HP: 19/22 MP: 2/2
   681 | D:1      | Noticed a floating eye
   683 | D:1      | Found a faded altar of an unknown god.
   698 | D:1      | Reached skill level 1 in Stealth
   699 | D:1      | Noticed an eye of devastation
   701 | D:1      | Noticed an eye of devastation
   701 | D:1      | Noticed a floating eye
   903 | D:2      | Reached XP level 3. HP: 8/28 MP: 3/3
  1192 | D:2      | Slain by an iguana

Illustrated notes

Levels and vault maps discovered:
D:1:      dpeg_arrival_shrine, layout_loops_ring,
          hellmonk_ecumenical_altar_watching_god
D:2:      layout_basic, hangedman_decor_points, minmay_pentomino_z2

Skill      XL: |  1  2 |
---------------+-------+-----
Shields        | 4 |  4.0
Stealth        | 1 |  1.0
Fighting       | |  2.8
Throwing       | |  0.4
Armour         | |  1.0
Dodging        | |  1.0
Evocations     | |  2.0

Action                   || total
-------------------------++-------
Melee: Club              ||    46
       Short sword       ||    89
Throw: Stone             ||     5
  Use: Potion            ||     5
Armor: Leather armour    ||    12
       Ring mail         ||    42
Dodge: Dodged            ||    58
Block: Buckler           ||    56

Table legend: (Time is in decaauts)
 A = Elapsed time spent in this place.
 B = Non-inter-level travel time spent in this place.
 C = Inter-level travel time spent in this place.
 D = Time resting spent in this place.
 E = Time spent auto-exploring this place.
 F = Levels seen in this place.
 G = Mean time per level.
                   A        B        C        D        E       F      G
               +--------+--------+--------+--------+--------+-----+--------+
         Total |   1225 |   1096 |    129 |    239 |    485 |   2 |  612.5 |
       Dungeon |   1225 |   1096 |    129 |    239 |    485 |   2 |  612.5 |
               +--------+--------+--------+--------+--------+-----+--------+

Top non-repeatable levels by time:
     D:1: 1138 daAuts
     D:2: 86 daAuts
